 Dungeon Sprint DCSS version 0.32-a0-411-g744942f433 (webtiles) character file.

Game seed: 4498839033102340989

40 shadowstone the Mimic (level 7, 0/48 HPs)
             Began as an Octopode Shapeshifter on Feb 20, 2024.
             Was an Elder of Qazlal.
             Slain by a sky beast (6 damage)
             ... in the Dungeon (Sprint VI: "Thunderdome").
             The game lasted 00:05:08 (564 turns).

shadowstone the Mimic (Octopode Shapeshifter)        Turns: 564, Time: 00:05:11

Health: 0/48       AC:  1    Str: 16    XL:     7   Next: 46%
Magic:  7/7        EV: 14    Int: 12    God:    Qazlal [****..]
Gold:   270        SH:  5    Dex: 11    Spells: 6/6 levels left

rFire   . . .        p - +2 falchion (drain)
rCold   . . .        (no shield)
rNeg    . . .        (helmet currently unavailable)
rPois   .            (no amulet)
rElec   .            (no ring)
rCorr   .            (no ring)
SInv    .            (no ring)
Will    .....        (no ring)
Stlth   ++           (no ring)
HPRegen 0.28/turn    (no ring)
MPRegen 0.10/turn    (no ring)
                     (no ring)

%: no teleportation, repel missiles
@: beast-form
A: beast (slay +4), almost no armour, amphibious, 8 rings, camouflage 1,
gelatinous body 1, (nimble swimmer 1), tentacles
a: Begin Untransformation, Renounce Religion, Upheaval, Elemental Force


You were in the Dungeon.
You worshipped Qazlal.
Qazlal was greatly pleased with you.
You were a hulking beast.
You visited 1 branch You collected 270 gold pieces.

Inventory:

Hand Weapons
 n - a +0 scythe
 p - a +2 falchion of draining (weapon)
Armour
 o - a +0 robe
Talismans
 b - a beast talisman (active)
 c - a flux talisman
Wands
 k - a wand of acid (3) (quivered)
 l - a wand of roots (5)
Scrolls
 i - 4 scrolls of blinking
 m - 3 scrolls of fog
Potions
 a - a potion of lignification
 d - a potion of curing
 e - 4 potions of heal wounds
 f - 4 potions of haste
 g - 2 potions of magic
 h - a potion of berserk rage
 j - a potion of resistance


   Skills:
 + Level 4.1 Fighting
 + Level 4.2 Long Blades
 + Level 3.6 Polearms
 + Level 4.7 Dodging
 + Level 2.5 Stealth
 + Level 9.0 Unarmed Combat
 + Level 1.6 Evocations
 + Level 9.6 Shapeshifting


You had 6 spell levels left.
You didn't know any spells.
Your spell library was empty.

Dungeon Overview and Level Annotations

Branches:
Dungeon (1/1)

Altars:
Cheibriados
Dithmenos
Fedhas
Gozag
Kikubaaqudgha
Makhleb
Okawaru
Qazlal
Ru
Sif Muna
Trog
Uskayaw
Vehumet
Wu Jian
Xom
Yredelemnul
Zin
The Shining One
Beogh
Lugonu

Shops:
D *[=??*?*:[((!!!!


Innate Abilities, Weirdness & Mutations

You are a hulking beast.
Your limbs bulge with bestial killing power. (Slay +4)
You cannot wear most types of armour.
You are amphibious.
You can wear up to eight rings at the same time.
Your skin changes colour to match your surroundings (Stealth+).
Your rubbery body absorbs attacks. (AC +1, EV +1)
((You are camouflaged when in or above water. (Stealth+)))
You have tentacles for arms and can constrict up to eight enemies at once.


Message History

The storm surrounding you is now powerful enough to repel missiles.
You will now adapt resistances upon receiving elemental damage.
Your Fighting skill increases to level 4!
Your Long Blades skill increases to level 4!
Your Stealth skill increases to level 2!
Your Unarmed Combat skill increases to level 9!
You start resting.
A sky beast comes into view.
A sky beast is nearby!
A sky beast is nearby!
A sky beast is nearby!
A sky beast is nearby!
A sky beast is nearby!
A sky beast is nearby!
A sky beast is nearby!
You are too injured to fight recklessly!
You are too injured to fight recklessly!
You are too injured to fight recklessly!
You are too injured to fight recklessly!
The sky beast flickers out of sight!
Deactivating autopickup; reactivate with Ctrl-A.
You start resting.
A sky beast appears from thin air!
Reactivating autopickup.
The sky beast attacks as it pursues you!
You block the sky beast's attack.
You slash the sky beast!
The sky beast is moderately wounded.
The sky beast barely misses you.
You hit the sky beast. Your squeeze misses the sky beast.
The sky beast is moderately wounded.
You block the sky beast's attack.
You miss the sky beast. Your squeeze misses the sky beast.
The sky beast is moderately wounded.
The sky beast flickers out of sight!
Deactivating autopickup; reactivate with Ctrl-A.
Something hits you.
* * * LOW HITPOINT WARNING * * *
Something shocks you.
You die...

#⌠...........⌠#
######.ß....)÷[†.ß.#####
##∩___......###......___∩
###∩........ß.# #.ß........
##..........÷..###..........
#⌠..........###...###.......
#⌠........°.# #.<.# #.......
#⌠.......§.{###...###.......
##.........h...###..........
###∩.....°..ß.# #.ß........
##∩___°.°...###......_._∩
######.ß.........ß.#####
#⌠...........⌠#
###.........### #_......._#
#........_# #_......._#


There were no monsters in sight!

Vanquished Creatures
  Sigmund (D)
  A steam dragon (D)
  Menkaure (D)
  A sky beast (D)
  A jelly (D)
  Terence (D)
  4 mummies (D)
  3 endoplasms (D)
  A goblin (D)
  2 hobgoblins (D)
16 creatures vanquished.

Notes
Turn   | Place    | Note
-------+----------+-------------------------------------------
     0 | D        | shadowstone the Octopode Shapeshifter began the quest for
                  | the Orb.
     0 | D        | Reached XP level 1. HP: 13/13 MP: 1/1
     5 | D        | Round 1.
     6 | D        | Found a hide-covered altar of Uskayaw.
     6 | D        | Found a shadowy altar of Dithmenos.
     8 | D        | Found an ancient bone altar of Kikubaaqudgha.
     8 | D        | Found a glowing golden altar of the Shining One.
     9 | D        | Found an opulent altar of Gozag.
    10 | D        | Found a blossoming altar of Fedhas.
    10 | D        | Found a corrupted altar of Lugonu.
    11 | D        | Found a shimmering blue altar of Sif Muna.
    11 | D        | Found Nyakuaq's Staff Store.
    11 | D        | Found Wuajak's Magic Scroll Shop.
    12 | D        | Found Bavod's Distillery.
    12 | D        | Found Cimig's Must-Have Magic.
    12 | D        | Found Vociod's Magic Scroll Shop.
    12 | D        | Noticed Sigmund
    25 | D        | Killed Sigmund
    26 | D        | Reached skill level 1 in Evocations
    26 | D        | Reached XP level 2. HP: 18/18 MP: 2/2
    26 | D        | Reached XP level 3. HP: 23/23 MP: 3/3
    26 | D        | Reached XP level 4. HP: 28/28 MP: 4/4
    26 | D        | Reached XP level 5. HP: 33/33 MP: 5/5
    45 | D        | Found a stormy altar of Qazlal.
    46 | D        | Found a roughly hewn altar of Beogh.
    47 | D        | Found Yvaut's Timeless Talismans.
    49 | D        | Found a burning altar of Makhleb.
    49 | D        | Found a bloodstained altar of Trog.
    49 | D        | Found a sacrificial altar of Ru.
    49 | D        | Found Miclyeb's Identification Station.
    50 | D        | Found Piam's Jewellery.
    50 | D        | Found Wainkoarph's Advanced Armour.
    71 | D        | Found a radiant altar of Vehumet.
    84 | D        | Became a worshipper of Qazlal Stormbringer
   128 | D        | Noticed Terence
   138 | D        | Killed Terence
   138 | D        | Reached * piety under Qazlal
   138 | D        | Arena points: 12 (+12) [x2]
   191 | D        | Round 2.
   223 | D        | Reached skill level 1 in Polearms
   303 | D        | Reached ** piety under Qazlal
   304 | D        | Reached XP level 6. HP: 39/39 MP: 6/6
   313 | D        | Found a snail-covered altar of Cheibriados.
   331 | D        | Arena points: 22 (+10) [x1]
   343 | D        | Found Kabb's Premium Goods.
   344 | D        | Found an ornate altar of the Wu Jian Council.
   344 | D        | Found an iron altar of Okawaru.
   344 | D        | Found a basalt altar of Yredelemnul.
   344 | D        | Found Puucaotz's Weapon Rack.
   345 | D        | Found Ijuetzi's Miscellaneous Merchandise.
   345 | D        | Found Anejyota's Basic Armour.
   346 | D        | Round 3.
   349 | D        | Found a shimmering altar of Xom.
   352 | D        | Found a glowing silver altar of Zin.
   353 | D        | Found Syntinodda's Do-It-Yourself Clinic.
   354 | D        | Found Araacwyar's Bottled Wisdom.
   354 | D        | Found Vukun's Distillery.
   391 | D        | Noticed Menkaure
   402 | D        | Killed Menkaure
   402 | D        | Reached *** piety under Qazlal
   403 | D        | Reached skill level 1 in Stealth
   505 | D        | Arena points: 40 (+18) [x1]
   520 | D        | Round 4.
   525 | D        | Noticed a sky beast
   528 | D        | Noticed a steam dragon
   534 | D        | Killed a sky beast
   535 | D        | Reached XP level 7. HP: 14/46 MP: 7/7
   537 | D        | HP: 1/46 [steam dragon (4)]
   540 | D        | Killed a steam dragon
   540 | D        | Reached **** piety under Qazlal
   564 | D        | Slain by a sky beast

Illustrated notes

Levels and vault maps discovered:
D:        arena_sprint

Skill      XL: |  1  2  3  4  5  6  7 |
---------------+----------------------+-----
Dodging        | 3 4 |  4.7
Unarmed Combat | 7 8 9 |  9.0
Evocations     | 1 |  1.6
Shapeshifting  | 7 8 9 |  9.6
Fighting       | 2 3 4 |  4.1
Polearms       | 1 3 |  3.6
Long Blades    | 3 4 |  4.2
Stealth        | 1 2 |  2.5

Action                     |  1- 3 |  4- 6 |  7- 9 || total
---------------------------+-------+-------+-------++-------
  Melee: Halberd           |       |     7 |       ||     7
         Falchion          |       |    21 |     8 ||    29
         Constrict         |       |     7 |       ||     7
         Tentacles         |       |     9 |     1 ||    10
  Evoke: Wand              |     2 |       |       ||     2
 Armour: Skin              |       |    14 |     4 ||    18
  Dodge: Dodged            |     3 |    10 |     7 ||    20
  Block: Other             |       |     1 |     3 ||     4

Table legend: (Time is in decaauts)
 A = Elapsed time spent in this place.
 B = Non-inter-level travel time spent in this place.
 C = Inter-level travel time spent in this place.
 D = Time resting spent in this place.
 E = Time spent auto-exploring this place.
 F = Levels seen in this place.
 G = Mean time per level.
                   A        B        C        D        E       F      G
               +--------+--------+--------+--------+--------+-----+--------+
         Total |    572 |    560 |     12 |    200 |     10 |   1 |  572.0 |
       Dungeon |    572 |    560 |     12 |    200 |     10 |   1 |  572.0 |
               +--------+--------+--------+--------+--------+-----+--------+

Top non-repeatable levels by time:
       D: 572 daAuts
